 Dungeon Crawl Stone Soup version 0.32-a0-886-g41c5271027 (webtiles) character file.

Game seed: 8906825476811794981

9 Lanoc the Apothecary (level 2, -1/2 HPs)
             Began as a Coglin Wanderer on Apr 2, 2024.
             Slain by a ball python (3 damage)
             ... on level 1 of the Dungeon.
             The game lasted 00:01:00 (215 turns).

Lanoc the Apothecary (Coglin Wanderer)               Turns: 215, Time: 00:01:00

Health: -1/2       AC:  0    Str:  9    XL:     2   Next: 12%
Magic:  3/3        EV: 11    Int: 12    God:
Gold:   27         SH:  0    Dex: 15    Spells: 2/3 levels left

rFire   . . .        a - melded +0 sling {Teghnoor}
rCold   . . .        e - melded -2 sling {Gyeongja}
rNeg    . . .        d - melded +0 robe
rPois   ∞            b - melded +0 helmet
rElec   +            (cloak currently unavailable)
rCorr   .            (gloves currently unavailable)
SInv    .            (boots currently unavailable)
Will    .....        (no amulet)
Stlth   +            (no ring)
HPRegen 0.20/turn    (no ring)
MPRegen 0.08/turn    (no gizmo)

%: no passive effects
@: storm-form, blinkbolt cooldown, flying
A: cleaving, insubstantial, flying, reduced hp, (off-hand wielding), (slow
wielding), (warmup strikes), (no jewellery)
a: Invent Gizmo, Blinkbolt, Begin Untransformation


You were on level 1 of the Dungeon.
You were a lightning-filled tempest!
You visited 1 branch of the dungeon, and saw 1 of its levels.

You collected 27 gold pieces.

Inventory:

Hand Weapons
 a - a +0 sling (melded) {Teghnoor}
 e - a -2 sling (melded) {Gyeongja}
Armour
 b - a +0 helmet (melded)
 d - a +0 robe (melded)
Talismans
 h - a storm talisman (active)
Scrolls
 g - a scroll of teleportation {unknown}
 i - a scroll of identify {unknown}
Potions
 c - 2 potions of haste
 f - 2 potions of curing {unknown}


   Skills:
 + Level 0.4 Fighting
 * Level 2.1 Ranged Weapons
 - Level 1.0 Throwing
 + Level 1.2 Armour
 + Level 1.2 Dodging
 - Level 1.0 Spellcasting
 - Level 4.3 Alchemy


You had 2 spell levels left.
You knew the following spells:

 Your Spells              Type           Power      Damage    Failure   Level
a - Sting                 Conj/Alch      20%        1d4       12%         1

Your spell library contained the following spells:

 Spells                   Type           Power      Damage    Failure   Level
 Slow                     Hex            0%         N/A       30%         1
 Confusing Touch          Hex            0%         N/A       65%         3
 Vampiric Draining        Necr           0%         2d6       65%         3
 Petrify                  Alch/Erth      5%         N/A       77%         4
 Sticky Flame             Fire/Alch      5%         2d4       77%         4


Dungeon Overview and Level Annotations

Branches:
Dungeon (1/15)

Altars:


Innate Abilities, Weirdness & Mutations

You are a lightning-filled tempest!
Your electrical attacks strike out in all directions at once.
You are incredibly evasive.
Your insubstantial body is immune to petrification, constriction, and being set on fire You are flying.
Your maximum health is decreased, since you lack skill for your form.
Your armour is entirely melded.
You are incapable of wielding weapons or throwing items.
You are immune to poison.
((You can wield a second weapon in your off-hand.))
((It takes a long time for you to wield or remove held weapons.))
((Your first few attacks do less damage.))
((You cannot equip rings or amulets.))


Message History

You now have 8 gold pieces.
You now have 16 gold pieces (gained 8).
c - 2 potions of haste (gained 1)
A ball python comes into view.
A ball python is nearby!
The ball python hisses angrily.
You hit the ball python.
Lightning courses through the ball python!
You kill the ball python!
You now have 27 gold pieces (gained 11).
Found a stone staircase leading down.
Found a short sword.
i - a scroll labelled NIGROCERESCH A goblin comes into view.
It is wielding a +0 club.
A frilled lizard comes into view.
A ball python comes into view.
Found a leather armour, a ring mail and a scroll labelled NIGROCERESCH.
The goblin shouts!
Aiming: Blinkbolt
Press: ? - help, Dir - move target, f - goblin
Aim: a goblin, wielding a +0 club (77% to hit)
The shock of your passage misses the goblin.
You blink.
A gnoll comes into view. It is wielding a +0 spear.
The frilled lizard hisses angrily.
The gnoll shouts!
The goblin barely misses you.
You barely miss the goblin.
A giant cockroach comes into view.
The goblin barely misses you.
You hit the ball python.
The ball python is severely wounded.
You hit the goblin. Lightning courses through the goblin!
You kill the goblin!
The giant cockroach waves its antennae.
The ball python barely misses you.
You barely miss the ball python. Your punch misses the ball python.
The ball python is severely wounded.
You closely miss the frilled lizard. The ball python bites you.
Ouch! That really hurt!
You die...

#.....#.......
+.............
#.....#####...
#.....# ... #
##.....# .. ..
##......# .
###.#####..######
..........##
.###Sv###
#....l.# #[##.#.#
#g...# [B. .##
#?#... ...# .# ##
.#


You could see a gnoll, a giant cockroach, a ball python and a frilled lizard.

Vanquished Creatures
  A bat (D:1)
  An endoplasm (D:1)
  A giant cockroach (D:1)
  A goblin (D:1)
  A hobgoblin (D:1)
  2 ball pythons (D:1)
  A frilled lizard (D:1)
8 creatures vanquished.

Notes
Turn   | Place    | Note
-------+----------+-------------------------------------------
     0 | D:1      | Lanoc the Coglin Wanderer began the quest for the Orb.
     0 | D:1      | Lanoc set off with the following items: a +0 sling
                  | {Teghnoor}, a +0 helmet, a potion of haste, a +0 robe, a -2
                  | sling {Gyeongja}; and the following spell memorised: Sting;
                  | and the following spells available to memorise: Petrify,
                  | Sticky Flame.
     0 | D:1      | Reached XP level 1. HP: 13/13 MP: 2/2
    99 | D:1      | Reached XP level 2. HP: 20/20 MP: 3/3
   215 | D:1      | Slain by a ball python

Illustrated notes

Levels and vault maps discovered:
D:1:      eino_arrival_druids_welcome, layout_basic, palyth_stone_intersect,
          minmay_statues_item, minmay_liquid_box, minmay_tromino_mix6

Skill      XL: |  1 |
---------------+----+-----
Ranged Weapons | 2 |  2.1
Fighting       | |  0.4
Throwing       | |  1.0
Armour         | |  1.2
Dodging        | |  1.2
Spellcasting   | |  1.0
Alchemy        | |  4.3

Action                     || total
---------------------------++-------
  Melee: Unarmed           ||     4
   Fire: Sling             ||    26
Ability: Blinkbolt         ||     1
 Armour: Robe              ||     1
         Skin              ||     1
  Dodge: Dodged            ||     7
   Form: Storm             ||     1

Table legend: (Time is in decaauts)
 A = Elapsed time spent in this place.
 B = Non-inter-level travel time spent in this place.
 C = Inter-level travel time spent in this place.
 D = Time resting spent in this place.
 E = Time spent auto-exploring this place.
 F = Levels seen in this place.
 G = Mean time per level.
                   A        B        C        D        E       F      G
               +--------+--------+--------+--------+--------+-----+--------+
         Total |    219 |    219 |      0 |      0 |    165 |   1 |  219.0 |
       Dungeon |    219 |    219 |      0 |      0 |    165 |   1 |  219.0 |
               +--------+--------+--------+--------+--------+-----+--------+

Top non-repeatable levels by time:
     D:1: 219 daAuts
